 Dungeon Crawl Stone Soup version 0.22-a0-833-g8522bf8125 (webtiles) character file.

39 IcyTea the Vexing (level 3, -2/24 HPs)
             Began as a Vampire Enchanter on July 25, 2018.
             Slain by an adder (5 damage)
             ... on level 1 of the Dungeon.
             The game lasted 00:05:07 (955 turns).

IcyTea the Vexing (Vampire Enchanter)                Turns: 955, Time: 00:05:07

Health: -2/24      AC:  3    Str:  7    XL:     3   Next: 28%
Magic:  1/6        EV: 12    Int: 18    God:
Gold:   67         SH:  0    Dex: 14    Spells: 0/6 levels left

rFire    . . .     SeeInvis +   h - +0 dagger (vamp)
rCold    . . .     Gourm    .   (no shield)
rNeg     . . .     Faith    .   b - +0 robe
rPois    .         Spirit   .   d - +0 helmet
rElec    .         Reflect  .   (no cloak)
rCorr    .         Harm     .   (no gloves)
MR       .....                  (no boots)
Stlth    +++.......             (no amulet)
HPRegen  0.28/turn              (no ring)
MPRegen  0.10/turn              (no ring)

@: lethally poisoned (-2 -> -2), very slightly contaminated, regenerating
quickly
A: fangs 3, see invisible, unbreathing
a: no special abilities


You were on level 1 of the Dungeon.
You were full.

You visited 1 branch of the dungeon, and saw 2 of its levels.

You collected 67 gold pieces.

Inventory:

Hand Weapons
 a - a +1 dagger
 c - a +0 short sword
 h - a +0 vampiric dagger (weapon)
Missiles
 g - 6 javelins (quivered)
Armour
 b - a +0 robe (worn)
 d - a +0 helmet (worn)
Scrolls
 e - a scroll of identify
 i - 2 scrolls of teleportation
Potions
 f - a potion of lignification
 j - a potion of magic
 k - a potion of flight {unknown}
 l - a potion of curing


   Skills:
 + Level 2.0 Short Blades
 - Level 2.1 Dodging
 - Level 4.4 Stealth
 - Level 2.0 Spellcasting
 - Level 6.0 Hexes


You couldn't memorise any spells.
You knew the following spells:

 Your Spells              Type           Power        Failure   Level  Hunger
a - Corona                Hex            ###....      1%          1    #......
b - Ensorcelled Hibernat  Hex/Ice        ##....       8%          2    ###....
c - Dazzling Spray        Conj/Hex       ##....       16%         3    ###....

Your spell library contained the following spells:

 Spells                   Type           Power        Failure   Level  Hunger
 Confuse                  Hex            ###.....     4%          3    ###....
 Tukima's Dance           Hex            ###.....     4%          3    ###....


Dungeon Overview and Level Annotations

Branches:
Dungeon (2/15)

Altars:


Innate Abilities, Weirdness & Mutations

Your natural rate of healing is unusually fast.
You have razor-sharp teeth.
You have supernaturally acute eyesight. (SInv)
You can survive without breathing.


Message History

The adder bites you.
* * * LOW HITPOINT WARNING * * *
You climb upwards.
There is a stone staircase leading down here.
You hit the adder but do no damage.
The adder is almost dead.
The adder closely misses you.
Casting: Ensorcelled Hibernation (safe; 8% risk of failure)
Confirm with . or Enter, or press ? or * to list all spells.
Aiming: Corona (safe; 1% risk of failure)
Press: ? - help, Shift-Dir - straight line, f - adder
Aim: an adder (almost dead, chance to defeat MR: 71%)
The adder is outlined in light.
You feel sick. The adder barely misses you.
You hit the adder but do no damage.
The adder is almost dead.
The adder barely misses you.
You hit the adder but do no damage.
The adder is almost dead.
The adder bites you.
You die...

#####...##### #...#..........#
###...........###...#.####.....#
.....................รท##.....(.#
.##...........#..#.##.##.#.....#
.............##..#....##.#.....#
.....####....##..####.......####
.....# #....#.....##.......#####
.....####....#.........#.##......
..####.#.###.#.S@......>)##..###.
..# #.#.## #.#..>..#...........#.
..# ##.#.# #.#[....#...####..#...
..###.#.####.#########.......###.
.....####.........# ######......
.....# #....####.# #######
.....####....# #.# .............#
#.# .........#.### #.#


You could see an adder.

Vanquished Creatures
  A dart slug (D:1)
  3 giant cockroaches (D:1)
  5 goblins
  2 hobgoblins (D:1)
  6 jackals (D:1)
  A quokka (D:2)
  3 bats (D:1)
  3 frilled lizards
  4 kobolds (D:1)
  5 rats (D:1)
33 creatures vanquished.

Notes
Turn   | Place    | Note
-------+----------+-------------------------------------------
     0 | D:1      | IcyTea the Vampire Enchanter began the quest for the Orb.
     0 | D:1      | Reached XP level 1. HP: 13/13 MP: 3/3
   111 | D:1      | Reached skill level 5 in Hexes
   140 | D:1      | Reached XP level 2. HP: 13/19 MP: 5/5
   149 | D:1      | Learned a level 2 spell: Ensorcelled Hibernation
   293 | D:1      | Reached skill level 6 in Hexes
   308 | D:1      | Reached XP level 3. HP: 24/24 MP: 2/6
   313 | D:1      | Learned a level 3 spell: Dazzling Spray
   955 | D:1      | Slain by an adder

Vault maps used:
D:1:      lemuel_arrival_broad_hall, minivault_24
D:2:      serial_bayou_pond_a

Skill      XL: |  1  2  3 |
---------------+----------+-----
Hexes          | 5 6 |  6.0
Short Blades   | 2 |  2.0
Dodging        | |  2.1
Stealth        | |  4.4
Spellcasting   | |  2.0

Action                   || total
-------------------------++-------
Melee: Dagger            ||    87
       Bite              ||     7
 Cast: Corona            ||     4
       Ensorcelled Hiber ||     4
  Use: Potion            ||     5
       Scroll            ||     1
 Stab: Sleeping          ||    16
  Eat: Corpse            ||     7
Armor: Robe              ||    16
Dodge: Dodged            ||    73

Table legend:
 A = Spawn XP
 B = Non-spawn XP
 C = Spawn XP percentage of total XP
 D = Spawn monster count
 E = Non-spawn monster count
 F = Spawn count percentage of total count
 G = Total turns spent on level
                    A         B        C        D         E        F      G
               +---------+---------+-------+---------+---------+-------+---------
         Total |       0 |      57 |   0.0 |       0 |      33 |   0.0 |   955
               +---------+---------+-------+---------+---------+-------+---------
           D:1 |       0 |      50 |   0.0 |       0 |      29 |   0.0 |   753
           D:2 |       0 |       7 |   0.0 |       0 |       4 |   0.0 |   202
               +---------+---------+-------+---------+---------+-------+---------
